 Dungeon Crawl Stone Soup version 0.28.0 (webtiles) character file.

Game seed: 193372232392422835

3248 Kaptain the Geomancer (level 9, -2/52 HPs)
             Began as a Gargoyle Earth Elementalist on Feb 10, 2022.
             Slain by an orc knight (26 damage)
             ... in a bailey on Feb 11, 2022.
             The game lasted 00:22:34 (9903 turns).

Kaptain the Geomancer (Gargoyle Earth Elementalist) Turns: 9903, Time: 00:22:35

Health: -2/52      AC: 13    Str: 13    XL:     9   Next: 99%
Magic:  15/26      EV: 12    Int: 25    God:
Gold:   455        SH:  0    Dex: 10    Spells: 15/19 levels left

rFire   . . .      SeeInvis .   u - +2 long sword (elec)
rCold   . . .      Faith    .   (no shield)
rNeg    + . .      Spirit   .   f - +0 leather armour
rPois   ∞          Reflect  .   (no helmet)
rElec   +          Harm     .   g - +0 cloak
rCorr   .          Rampage  .   j - +1 pair of gloves
Will    .....                   (no boots)
Stlth   +++.......              (no amulet)
HPRegen 0.17/turn               h - +6 ring of intelligence
MPRegen 0.20/turn               d - ring of magical power

@: no status effects
A: sickness immunity, AC +6, negative energy resistance 1, electricity
resistance, torment resistance 1, petrification resistance
a: no special abilities


You were in a bailey.
You visited 2 branches of the dungeon, and saw 10 of its levels.
You also visited: Bailey.

You collected 455 gold pieces.

Inventory:

Hand Weapons
 e - a +0 short sword
 n - a +2 flail of protection
 u - a +2 long sword of electrocution (weapon)
 A - a +2 hand axe of freezing
Missiles
 c - 16 stones
Armour
 f - a +0 leather armour (worn)
 g - a +0 cloak (worn)
 j - a +1 pair of gloves (worn)
Magical Staves
 C - a staff of cold
Jewellery
 d - a ring of magical power (right hand)
 h - a +6 ring of intelligence (left hand)
 y - a ring of positive energy
Wands
 s - a wand of polymorph (7)
Scrolls
 b - 3 scrolls of fear
 i - a scroll of fog
 l - a scroll of torment
 o - 5 scrolls of teleportation
 v - 2 scrolls of enchant weapon
Potions
 a - 2 potions of curing
 k - a potion of might
 m - 2 potions of magic {unknown}
 p - 2 potions of lignification
 q - a potion of flight
 r - a potion of haste
 t - 3 potions of cancellation {unknown}
 x - a potion of heal wounds
 z - a potion of brilliance {unknown}


   Skills:
 + Level 4.4 Fighting
 + Level 4.3 Armour
 + Level 3.9 Dodging
 + Level 5.6 Stealth
 * Level 5.9 Spellcasting
 * Level 6.4 Conjurations
 - Level 1.1 Transmutations
 * Level 8.2 Earth Magic


You had 15 spell levels left.
You knew the following spells:

 Your Spells              Type           Power      Damage    Failure   Level
a - Sandblast             Erth           96%        2d20      1%          1
b - Stone Arrow           Conj/Erth      88%        3d12      1%          3

Your spell library contained the following spells:

 Spells                   Type           Power      Damage    Failure   Level
 Passwall                 Tmut/Erth      25%        N/A       1%          2
 Shock                    Conj/Air       92%        1d8       2%          1
 Conjure Flame            Conj/Fire      23%        6-21      8%          3
 Freeze                   Ice            28%        1d5       10%         1
 Petrify                  Tmut/Erth      30%        N/A       13%         4
 Ignite Poison            Fire/Tmut/Pois 9%         N/A       24%         3
 Hailstorm                Conj/Ice       23%        3d7       24%         4
 Sticky Flame             Conj/Fire      23%        2d4       24%         4
 Frozen Ramparts          Ice            14%        1d3       28%         3
 Swiftness                Air            7%         N/A       28%         3
 Airstrike                Air            3%         N/A       67%         4


Dungeon Overview and Level Annotations

Branches:
Dungeon (9/15)             Temple (1/1) D:6          Bailey (1/1)
   Lair: D:8-11         Orc: D:9-12

Altars:
Ashenzari
Cheibriados
Dithmenos
Elyvilon
Fedhas
Gozag
Hepliaklqana
Kikubaaqudgha
Makhleb
Nemelex Xobeh
Qazlal
Ru
Sif Muna
Trog
Uskayaw
Vehumet
Wu Jian
Xom
Yredelemnul
Zin
The Shining One

Shops:
D:1 :   D:7 [

Annotations:
D:8 Psyche


Innate Abilities, Weirdness & Mutations

You are immune to sickness and miasma.
Your stone body is resilient. (AC +6)
You are immune to poison.
You resist negative energy. (rN+)
You are resistant to electric shocks. (rElec)
You are resistant to unholy torment.
You are immune to petrification.


Message History

You see here a +0 war axe.
There is a broken door here.
Casting: Stone Arrow (safe; 1% risk of failure)
Confirm with . or Enter, or press ? or * to list all spells.
Aiming: Stone Arrow (safe; 1% risk of failure)
Press: ? - help, Shift-Dir - straight line, f - orc knight
Aim: an orc knight, wielding a +0 bardiche and wearing a +0 chain mail (strong, 73% to hit)
The stone arrow hits the orc knight!
The orc knight is moderately wounded.
Casting: Stone Arrow (safe; 1% risk of failure)
Confirm with . or Enter, or press ? or * to list all spells.
Aiming: Stone Arrow (safe; 1% risk of failure)
Press: ? - help, Shift-Dir - straight line, f/p - orc knight
Aim: an orc knight, wielding a +0 bardiche and wearing a +0 chain mail (moderately wounded, strong, 73% to hit)
The stone arrow hits the orc knight!
The orc knight is moderately wounded.
Casting: Stone Arrow (safe; 1% risk of failure)
Confirm with . or Enter, or press ? or * to list all spells.
Aiming: Stone Arrow (safe; 1% risk of failure)
Press: ? - help, Shift-Dir - straight line, f/p - orc knight
Aim: an orc knight, wielding a +0 bardiche and wearing a +0 chain mail (moderately wounded, strong, 73% to hit)
The stone arrow misses the orc knight.
The orc knight hits you from afar with a +0 bardiche!!
Casting: Stone Arrow (safe; 1% risk of failure)
Confirm with . or Enter, or press ? or * to list all spells.
Aiming: Stone Arrow (safe; 1% risk of failure)
Press: ? - help, Shift-Dir - straight line, f/p - orc knight
Aim: an orc knight, wielding a +0 bardiche and wearing a +0 chain mail (moderately wounded, strong, 73% to hit)
The stone arrow hits the orc knight!!
The orc knight is severely wounded.
The orc knight hits you from afar with a +0 bardiche!!
Ouch! That really hurt!
* * * LOW HITPOINT WARNING * * *
The orc knight no longer looks unusually strong.
The orc knight roars a battlecry!
The orc knight goes into a battle-frenzy!
You feel much better.
The orc knight hits you from afar with a +0 bardiche!!
Ouch! That really hurt!
You die...

#.).#
#[..#
###'###
##...).##
#.......#
#...o...#
#.....o.#
#..#.#..#
#.##8##@#
#..#.#..#
#)..)[))#
#..)....#
#∩..)[.∩#
#.......#
##..∩..##
#######


You could see 2 orc knights.

Vanquished Creatures
  A cyclops (D:8)
  A wraith (D:7)
  A wyvern (D:8)
  Menkaure (D:6)
  A black bear (D:7)
  3 necrophages
  2 sky beasts
  5 orc warriors
  2 centaurs
  A phantom (D:4)
  A kobold brigand (D:8)
  A gnoll sergeant (D:7)
  3 scorpions
  3 wights (D:7)
  A hound (D:6)
  3 orc priests
  Crazy Yiuf (D:6)
  A centaur skeleton (D:4)
  A gnoll shaman (D:5)
  5 iguanas
  5 orc wizards
  7 adders
  7 gnolls
  A shadow imp (D:6)
  2 white imps (D:7)
  2 ufetubi
  4 worms (D:2)
  3 dart slugs
  39 orcs
  9 ball pythons
  5 bats
  9 endoplasms
  3 giant cockroaches
  11 goblins
  9 hobgoblins
  2 quokkas
  5 frilled lizards
  6 kobolds
  5 rats
172 creatures vanquished.

Vanquished Creatures (others)
  A plant (D:1)
1 creature vanquished.

Grand Total: 173 creatures vanquished

Notes
Turn   | Place    | Note
-------+----------+-------------------------------------------
     0 | D:1      | Kaptain the Gargoyle Earth Elementalist began the quest for
                  | the Orb.
     0 | D:1      | Reached XP level 1. HP: 10/10 MP: 3/3
    91 | D:1      | Found a faded altar of an unknown god.
   532 | D:1      | Reached skill level 1 in Transmutations
   532 | D:1      | Reached XP level 2. HP: 15/15 MP: 3/5
  1105 | D:1      | Found Daunos's Book Boutique.
  1310 | D:1      | Reached XP level 3. HP: 19/19 MP: 6/6
  1320 | D:1      | Learned a level 3 spell: Stone Arrow
  1511 | D:2      | Reached skill level 4 in Earth Magic
  2562 | D:2      | Reached XP level 4. HP: 18/24 MP: 7/7
  2767 | D:3      | Found a shimmering blue altar of Sif Muna.
  2843 | D:3      | Reached skill level 1 in Conjurations
  3737 | D:4      | Reached XP level 5. HP: 28/28 MP: 8/8
  3891 | D:4      | Reached skill level 1 in Fighting
  4067 | D:4      | Noticed a phantom
  4232 | D:4      | Reached skill level 1 in Armour
  4588 | D:4      | Reached XP level 6. HP: 34/34 MP: 10/10
  4864 | D:4      | Reached skill level 5 in Earth Magic
  4984 | D:5      | Entered Level 5 of the Dungeon
  4986 | D:5      | Noticed a sky beast
  4997 | D:5      | Killed a sky beast
  5082 | D:5      | Reached XP level 7. HP: 29/40 MP: 12/12
  5201 | D:5      | Found a hide-covered altar of Uskayaw.
  6270 | D:6      | Found an ancient bone altar of Kikubaaqudgha.
  6323 | D:6      | Found a staircase to the Ecumenical Temple.
  6329 | Temple   | Entered the Ecumenical Temple
  6495 | D:6      | Reached skill level 6 in Earth Magic
  6495 | D:6      | Reached XP level 8. HP: 45/45 MP: 13/13
  6699 | D:6      | Noticed Menkaure
  6703 | D:6      | Killed Menkaure
  7106 | D:6      | Found a runed translucent door.
  7107 | D:6      | Noticed Crazy Yiuf
  7410 | D:6      | Killed Crazy Yiuf
  7606 | D:7      | Noticed a wraith
  7771 | D:7      | Reached skill level 5 in Conjurations
  7843 | D:7      | Found Ivean's Antique Armour Shoppe.
  7939 | D:7      | Reached skill level 7 in Earth Magic
  8031 | D:7      | Found an ornate altar of the Wu Jian Council.
  8331 | D:7      | Found a blossoming altar of Fedhas.
  8354 | D:7      | Reached XP level 9. HP: 51/51 MP: 16/16
  8598 | D:7      | Reached skill level 5 in Spellcasting
  8791 | D:8      | Noticed a cyclops
  8795 | D:8      | Killed a cyclops
  8796 | D:8      | Reached skill level 5 in Stealth
  9095 | D:8      | Reached skill level 8 in Earth Magic
  9165 | D:8      | Noticed Psyche
  9224 | D:8      | Found a flagged portal.
  9236 | Bailey   | Entered a bailey
  9783 | Bailey   | Noticed an orc knight
  9784 | Bailey   | Noticed an orc knight
  9888 | Bailey   | Noticed an orc knight
  9903 | Bailey   | Slain by an orc knight

Illustrated notes

Levels and vault maps discovered:
D:1:      matt_arrival_grand_opening, layout_loops_ring,
          shapermc_ecumenical_altar_mp_ritualfount, serial_shops,
          nicolae_lakefront_shop
D:2:      layout_loops_corners
D:3:      layout_loops_cross, mainiacjoe_overflow_alcove_2, kennysheep_donut,
          corexii_leaking_fountain
D:4:      layout_loops_cross, hex_large, minmay_misc_feat_more_columns
D:5:      layout_gridville, mainiacjoe_overflow_catwalk
D:6:      nicolae_cairo_tiling_very_big, layout_loops_ring, kennysheep_mini,
          minmay_temple_entry_enclosed_plants, minmay_misc_feat_iff,
          uniq_menkaure, uniq_crazy_yiuf_cottage
D:7:      layout_layer_cave, nicolae_wu_jian_wuxing_cycle, lemuel_doored_altar,
          serial_shops, shop, grunt_decor_mini_mirrors
D:8:      kennysheep_windowed_halls, layout_gridville, enter_bailey_3,
          uniq_psyche, uniq_pikel
D:9:      layout_long_grid
Temple:   compressed_dpeg_circular_temple
Bailey:   bailey_polearm_5, bailey

Skill      XL: |  1  2  3  4  5  6  7  8  9 |
---------------+----------------------------+-----
Transmutations | 1 |  1.1
Earth Magic    | 4 5 6 7 8 |  8.2
Dodging        | 2 3 |  3.9
Conjurations   | 1 2 3 5 6 |  6.4
Stealth        | 3 4 5 |  5.6
Fighting       | 1 2 3 4 |  4.4
Armour         | 1 2 3 4 |  4.3
Spellcasting   | 3 4 5 |  5.9

Action                   |  1- 3 |  4- 6 |  7- 9 || total
-------------------------+-------+-------+-------++-------
Melee: Short sword       |    26 |    25 |       ||    51
       Staff             |    13 |     3 |       ||    16
       Falchion          |       |    24 |       ||    24
       Long sword        |       |    18 |     4 ||    22
       Punch             |       |     2 |       ||     2
 Cast: Sandblast         |    52 |    72 |    78 ||   202
       Stone Arrow       |       |       |    86 ||    86
  Use: Scroll            |     1 |     1 |    15 ||    17
       Potion            |       |       |     1 ||     1
 Stab: Sleeping          |     1 |     2 |       ||     3
Armor: Robe              |     3 |       |       ||     3
       Leather armour    |    16 |    39 |     9 ||    64
Dodge: Dodged            |    31 |    60 |    22 ||   113
